 Dungeon Crawl Stone Soup version 0.24-a0-715-g0b739ee41d (webtiles) character file.

Game seed: 16399157369075200939, levelgen mode: deterministic

261 Dexcius the Slasher (level 5, -2/46 HPs)
             Began as a Minotaur Warper on Sept 30, 2019.
             Slain by a sky beast (6 damage)
             ... on level 5 of the Dungeon.
             The game lasted 00:11:41 (3770 turns).

Dexcius the Slasher (Minotaur Warper)               Turns: 3770, Time: 00:11:42

Health: -2/46      AC: 10    Str: 15    XL:     5   Next: 96%
Magic:  6/6        EV:  7    Int: 10    God:
Gold:   132        SH:  0    Dex: 11    Spells: 7/7 levels left

rFire    . . .     SeeInvis .   x - +0 war axe
rCold    . . .     Gourm    .   (no shield)
rNeg     . . .     Faith    .   i - +0 chain mail
rPois    .         Spirit   .   (helmet restricted)
rElec    .         Reflect  .   (no cloak)
rCorr    .         Harm     .   (no gloves)
MR       .....                  m - +0 pair of boots
Stlth    ..........             (no amulet)
HPRegen  0.15/turn              (no ring)
MPRegen  0.10/turn              (no ring)

@: no status effects
A: retaliatory headbutt, horns 2
a: no special abilities


You were on level 5 of the Dungeon.
You were not hungry.

You visited 1 branch of the dungeon, and saw 5 of its levels.

You collected 132 gold pieces.

Inventory:

Hand Weapons
 n - a +0 flail
 x - a +0 war axe (weapon)
Missiles
 e - 5 boomerangs of dispersal (quivered)
Armour
 i - a +0 chain mail (worn)
 m - a +0 pair of boots (worn)
Jewellery
 s - an uncursed amulet of regeneration {unknown}
 t - an uncursed ring of stealth {unknown}
 w - an uncursed amulet of harm {unknown}
Wands
 r - a wand of disintegration (17)
Scrolls
 b - 2 scrolls of identify
 c - 2 scrolls of immolation {unknown}
 d - a scroll of blinking
 j - 3 scrolls of fear {unknown}
 l - a scroll of random uselessness {unknown}
 o - 2 scrolls of fog {unknown}
 p - 2 scrolls of remove curse {unknown}
 q - 2 scrolls of enchant armour {unknown}
Potions
 g - 3 potions of agility {unknown}
 h - a potion of flight {unknown}
 k - 3 potions of haste {unknown}
 u - 2 potions of might {unknown}
 v - a potion of curing {unknown}
Comestibles
 f - 4 rations


   Skills:
 + Level 3.8 Fighting
   Level 5.2 Long Blades
 + Level 1.0 Throwing
 + Level 3.4 Armour
 + Level 3.1 Dodging
 + Level 0.3 Stealth
 + Level 1.6 Spellcasting
   Level 2.1 Translocations


You had 7 spell levels left.
You didn't know any spells.
Your spell library contained the following spells:

 Spells                   Type           Power        Failure   Level  Hunger
 Blink                    Tloc           N/A          98%         2    ###....
 Shroud of Golubria       Chrm/Tloc      #.....       99%         2    ###....
 Gell's Gravitas          Tloc           #.........   100%        3    ####...
 Lesser Beckoning         Tloc           #.........   100%        3    ####...
 Teleport Other           Tloc           #.......     100%        3    ####...
 Passage of Golubria      Tloc           N/A          100%        4    #####..


Dungeon Overview and Level Annotations

Branches:
Dungeon (5/15)
 Temple: D:4-7

Altars:
Dithmenos

Shops:
D:4 *


Innate Abilities, Weirdness & Mutations

You reflexively headbutt those who attack you in melee.
You have a pair of horns on your head.


Message History

The gnoll hits something with a +0 flail!
You miss the sky beast.
The leopard gecko hisses angrily.
You headbutt the sky beast, but do no damage.
The sky beast is lightly wounded.
The gnoll splashes around in the water.
The gnoll hits you but does no damage.
The sky beast flickers out of sight!
Deactivating autopickup; reactivate with Ctrl-A.
Something hits you. Something shocks you.
* * * LOW HITPOINT WARNING * * *
The leopard gecko bites you.
* * * LOW HITPOINT WARNING * * *
The gnoll hits something but does no damage.
The gnoll hits the plant but does no damage.
The gnoll hits you from afar with a +0 spear.
* * * LOW HITPOINT WARNING * * *
Something hits you.
* * * LOW HITPOINT WARNING * * *
Something shocks you.
You die...

# .. #. ..# #.
#### ....
#.###.. ≈≈...
##.....##gg≈≈..
+......@{gg♣
##....l###P#
.####.....#####
>......<.......#
########...###.#
....# #.#### ..
...


You could see a gnoll shaman, 3 gnolls and a leopard gecko.

Vanquished Creatures
  2 centaur skeletons (D:4)
  A worker ant (D:4)
  An orc wizard (D:4)
  5 adders
  An ooze (D:2)
  An adder skeleton (D:4)
  2 worms (D:2)
  2 dart slugs
  5 leopard geckos
  7 orcs (D:4)
  2 ball pythons
  6 giant cockroaches
  7 goblins
  5 hobgoblins (D:2)
  9 jackals
  7 kobolds
  A quokka (D:3)
  5 bats
  4 frilled lizards
  10 rats
83 creatures vanquished.

Notes
Turn   | Place    | Note
-------+----------+-------------------------------------------
     0 | D:1      | Dexcius the Minotaur Warper began the quest for the Orb.
     0 | D:1      | Reached XP level 1. HP: 18/18 MP: 1/1
    88 | D:1      | Reached XP level 2. HP: 24/25 MP: 3/3
   712 | D:2      | Reached skill level 3 in Long Blades
   712 | D:2      | Reached XP level 3. HP: 27/31 MP: 4/4
   880 | D:2      | Found a shadowy altar of Dithmenos.
   941 | D:2      | Reached XP level 4. HP: 36/38 MP: 5/5
  1223 | D:2      | Reached skill level 4 in Long Blades
  2830 | D:4      | Reached XP level 5. HP: 38/45 MP: 6/6
  3174 | D:4      | Found Avaikan's Assorted Antiques.
  3207 | D:4      | Reached skill level 5 in Long Blades
  3756 | D:5      | Entered Level 5 of the Dungeon
  3758 | D:5      | Noticed a sky beast
  3770 | D:5      | Slain by a sky beast

Levels and vault maps discovered:
D:1:      eino_arrival_cavern_b, layout_rooms
D:2:      minmay_diamond_boxcup, layout_basic,
          nicolae_dithmenos_through_a_glass_darkly
D:3:      mumra_celtic_spiral_tile, layout_basic
D:4:      layout_cave_pools, serial_shops, shop_fountains, serial_bayou_lagoon_b
D:5:      layout_basic, yredelemnul_forgotten_temple_becter, slow_altar_2,
          serial_bayou, serial_bayou_pond_b, serial_bayou_ford_a,
          serial_bayou_pond_d, serial_bayou_shore_b, first_ration,
          dk_rats_in_the_wall

Skill      XL: |  1  2  3  4  5 |
---------------+----------------+-----
Fighting       | 3 |  3.8
Long Blades    | 3 4 5 |  5.2
Armour         | 2 3 |  3.4
Dodging        | 3 |  3.1
Throwing       | |  1.0
Stealth        | |  0.3
Spellcasting   | |  1.6
Translocations | |  2.1

Action                   |  1- 3 |  4- 6 || total
-------------------------+-------+-------++-------
Melee: Falchion          |    87 |   142 ||   229
       Headbutt          |    14 |    29 ||    43
       War axe           |       |    10 ||    10
  Use: Scroll            |       |     1 ||     1
  Eat: Ration            |     1 |     2 ||     3
Armor: Chain mail        |    85 |   119 ||   204
Dodge: Dodged            |    44 |    70 ||   114
       Rpst.: Falchion   |    11 |    12 ||    23

Table legend:
 A = Non-vault XP
 B = Vault XP
 C = Vault XP percentage of total XP
 D = Non-vault monster count
 E = Vault monster count
 F = Vault count percentage of total count
                 A         B        C        D         E       F
            +---------+---------+-------+---------+---------+-------
      Total |     347 |      27 |   7.2 |      75 |       8 |   9.6
            +---------+---------+-------+---------+---------+-------
        D:1 |      33 |       0 |   0.0 |      21 |       0 |   0.0
        D:2 |      86 |      27 |  23.9 |      29 |       8 |  21.6
        D:3 |      40 |       0 |   0.0 |      10 |       0 |   0.0
        D:4 |     188 |       0 |   0.0 |      15 |       0 |   0.0
            +---------+---------+-------+---------+---------+-------
